 Dungeon Crawl Stone Soup version 0.28-a0-1190-g77e1c55843 (webtiles) character file.

Game seed: 531674074301821624

123 SensoryNuts the Skirmisher (level 4, -3/35 HPs)
             Began as a Demonspawn Fighter on Dec 19, 2021.
             Slain by an orc (6 damage)
             ... on level 3 of the Dungeon.
             The game lasted 00:01:59 (3123 turns).

SensoryNuts the Skirmisher (Demonspawn Fighter)     Turns: 3123, Time: 00:02:00

Health: -3/35      AC:  6    Str: 19    XL:     4   Next: 79%
Magic:  4/4        EV:  9    Int:  9    God:
Gold:   100        SH:  8    Dex: 12    Spells: 3/3 levels left

rFire   . . .      SeeInvis .   a - +0 long sword
rCold   . . .      Faith    .   c - +0 buckler
rNeg    . . .      Spirit   .   b - +0 scale mail
rPois   .          Reflect  .   (no helmet)
rElec   .          Harm     .   (no cloak)
rCorr   .          Rampage  .   (no gloves)
Will    .....                   (no boots)
Stlth   ..........              (no amulet)
HPRegen 0.11/turn               (no ring)
MPRegen 0.09/turn               (no ring)

@: mighty
A: large bone plates 1, powered by pain 1
a: no special abilities


You were on level 3 of the Dungeon.
You visited 1 branch of the dungeon, and saw 3 of its levels.

You collected 100 gold pieces.

Inventory:

Hand Weapons
 a - a +0 long sword (weapon)
Armour
 b - a +0 scale mail (worn)
 c - a +0 buckler (worn)
Jewellery
 j - a ring of positive energy
Scrolls
 e - 2 scrolls of teleportation {unknown}
 g - 2 scrolls of identify {unknown}
 i - a scroll of immolation {unknown}
 l - a scroll of amnesia {unknown}
Potions
 d - a potion of might
 f - 3 potions of curing {unknown}
 h - a potion of lignification {unknown}
 k - a potion of flight {unknown}


   Skills:
 + Level 3.4 Fighting
 * Level 3.1 Long Blades
 + Level 3.3 Armour
 + Level 1.1 Dodging
 + Level 0.1 Stealth
 + Level 3.1 Shields


You had 3 spell levels left.
You didn't know any spells.
Your spell library was empty.

Dungeon Overview and Level Annotations

Branches:
Dungeon (3/15)

Altars:
Kikubaaqudgha

Shops:
D:2 [


Innate Abilities, Weirdness & Mutations

You are partially covered in large bone plates. (SH +4)
You sometimes gain a little power by taking damage.


Message History

The orc misses you.
You hit the orc but do no damage. The orc hits you but does no damage.
You block the orc's attack.
A rat comes into view.
You block the orc's attack.
You barely miss the orc. The orc hits you but does no damage.
The orc hits you with a +0 short sword. You block the orc's attack.
You hit the orc.
The orc is severely wounded.
The orc closely misses you. You block the orc's attack.
You hit the orc.
You kill the orc!
The centaur wields a +0 shortbow.
The centaur shoots an arrow.
The arrow barely misses you.
The orc hits you from afar with a +0 trident.
You are too injured to fight recklessly!
You are too injured to fight recklessly!
You are too injured to fight recklessly!
You are too injured to fight recklessly!
You are too injured to fight recklessly!
You are too injured to fight recklessly!
You are too injured to fight recklessly!
You are too injured to fight recklessly!
You are too injured to fight recklessly!
Unknown command.
You feel very mighty all of a sudden.
A rat comes into view.
The orc closely misses you.
The rat moves out of view.
You hit the orc.
The orc is severely wounded.
The orc hits you with a +0 trident!
* * * LOW HITPOINT WARNING * * *
You slice the orc!!
You kill the orc!
You completely miss the orc. The orc hits you with a +0 mace.
* * * LOW HITPOINT WARNING * * *
The orc hits you with a +0 mace.
* * * LOW HITPOINT WARNING * * *
You closely miss the orc. The orc hits you with a +0 mace.
You die...

#.........>........###
##....).............#
##...##...#####..#####
.'...''...+......#
##...##...######.#
...........# #.#
.#########.# #.#
.##........# #.#
.##.###....# #@#
.##.#......# #o#
.##.#......# #r#
.######.##.#


Src ## #..<...# .r... ######## #...... ....#### ###### You could see a centaur,
an adder, an orc and 3 rats.

Vanquished Creatures
  Terence (D:2)
  4 adders
  A worm (D:2)
  A dart slug (D:1)
  5 orcs (D:3)
  4 ball pythons
  3 bats
  5 endoplasms
  4 giant cockroaches
  4 goblins
  3 hobgoblins
  2 jackals (D:3)
  3 kobolds
  3 quokkas
  2 frilled lizards (D:2)
  3 rats
48 creatures vanquished.

Vanquished Creatures (others)
  A bat (D:3)
1 creature vanquished.

Grand Total: 49 creatures vanquished

Notes
Turn   | Place    | Note
-------+----------+-------------------------------------------
     0 | D:1      | SensoryNuts the Demonspawn Fighter began the quest for the
                  | Orb.
     0 | D:1      | Reached XP level 1. HP: 18/18 MP: 1/1
   466 | D:1      | Gained mutation: You are partially covered in large bone
                  | plates. (SH +4) [demonic ancestry]
   466 | D:1      | Reached XP level 2. HP: 24/24 MP: 2/2
  1594 | D:2      | Gained mutation: You sometimes gain a little power by
                  | taking damage. [demonic ancestry]
  1594 | D:2      | Reached XP level 3. HP: 23/29 MP: 3/3
  1896 | D:2      | Found Opsellai's Antique Armour Emporium.
  2328 | D:2      | Noticed Terence
  2343 | D:2      | Killed Terence
  2344 | D:2      | Reached skill level 1 in Dodging
  2344 | D:2      | Reached XP level 4. HP: 25/35 MP: 4/4
  2726 | D:3      | Found an ancient bone altar of Kikubaaqudgha.
  3101 | D:3      | Noticed a centaur
  3123 | D:3      | Slain by an orc

Illustrated notes

Levels and vault maps discovered:
D:1:      minmay_arrival_hallway, layout_basic, grunt_decor_junction
D:2:      layout_loops_ring, serial_shops, shop, chequers_arboretum,
          uniq_terence
D:3:      layout_basic, nicolae_kikubaaqudgha_miasma_corner, minmay_rat_hole

Skill      XL: |  1  2  3  4 |
---------------+-------------+-----
Long Blades    | 2 3 |  3.1
Armour         | 3 |  3.3
Dodging        | 1 |  1.1
Shields        | 3 |  3.1
Fighting       | |  3.4
Stealth        | |  0.1

Action                   |  1- 3 |  4- 6 || total
-------------------------+-------+-------++-------
Melee: Long sword        |   131 |    61 ||   192
  Use: Potion            |       |     1 ||     1
Armor: Scale mail        |    53 |    19 ||    72
Dodge: Dodged            |    42 |    24 ||    66
Block: Buckler           |    47 |    37 ||    84

Table legend: (Time is in decaauts)
 A = Elapsed time spent in this place.
 B = Non-inter-level travel time spent in this place.
 C = Inter-level travel time spent in this place.
 D = Time resting spent in this place.
 E = Time spent auto-exploring this place.
 F = Levels seen in this place.
 G = Mean time per level.
                   A        B        C        D        E       F      G
               +--------+--------+--------+--------+--------+-----+--------+
         Total |   3179 |   2918 |    261 |      0 |   2494 |   3 | 1059.7 |
       Dungeon |   3179 |   2918 |    261 |      0 |   2494 |   3 | 1059.7 |
               +--------+--------+--------+--------+--------+-----+--------+

Top non-repeatable levels by time:
     D:1: 1380 daAuts
     D:2: 1224 daAuts
     D:3: 574 daAuts
